 Dungeon Crawl Stone Soup version 0.31.0-32-g396128a36d (webtiles) character file.

Game seed: 13180418857822099187

98 Dvallin the Changeling (level 4, 0/32 HPs)
             Began as an Oni Shapeshifter on Apr 1, 2024.
             Succumbed to an adder's poison
             ... on level 3 of the Dungeon.
             The game lasted 00:02:49 (2267 turns).

Dvallin the Changeling (Oni Shapeshifter)           Turns: 2267, Time: 00:02:50

Health: 0/32       AC:  1    Str: 18    XL:     4   Next: 71%
Magic:  4/4        EV: 13    Int: 11    God:
Gold:   103        SH:  0    Dex: 10    Spells: 3/3 levels left

rFire   . .          .
                       - Unarmed
rCold   . . .        (shield currently unavailable)
rNeg    . . .        a - melded +0 animal skin
rPois   .            (helmet restricted)
rElec   .            (no cloak)
rCorr   .            (gloves unavailable)
SInv    .            (boots unavailable)
Will    .....        (no amulet)
Stlth   +            (no ring)
HPRegen 0.25/turn    (no ring)
MPRegen 0.09/turn

%: no passive effects
@: lethally poisoned (0 -> -3), flux-form, glowing
A: glow, contaminating, reduced hp, large, unfitting armour, horns 1, tough skin
1, double potion healing, drunken brawling
a: Begin Untransformation


You were on level 3 of the Dungeon.
You were something dangerously unstable.
You visited 1 branch of the dungeon, and saw 3 of its levels.

You collected 103 gold pieces.

Inventory:

Armour
 a - a +0 animal skin (melded)
Talismans
 c - a beast talisman
 d - a flux talisman (active)
Scrolls
 f - 2 scrolls of teleportation {unknown}
 g - 3 scrolls of immolation
 h - a scroll of enchant weapon {unknown}
 i - a scroll of fear {unknown}
 j - a scroll of identify {unknown}
Potions
 b - a potion of lignification
 e - a potion of heal wounds {unknown}


   Skills:
 - Level 1.3 Fighting
 - Level 1.7 Dodging
 - Level 2.6 Unarmed Combat
 + Level 5.0 Shapeshifting


You had 3 spell levels left.
You didn't know any spells.
Your spell library was empty.

Dungeon Overview and Level Annotations

Branches:
Dungeon (3/15)

Altars:
Zin

Annotations:
D:2 Natasha


Innate Abilities, Weirdness & Mutations

You are something dangerously unstable.
You glow with magical radiation, making you easy to see and hit.
Foes you strike become dangerously contaminated with magical radiation.
Your maximum health is decreased, since you lack skill for your form.
You are incapable of wielding weapons or throwing items.
You are too large for most types of armour.
You have a pair of small horns on your head.
You have tough skin. (AC +1)
You gain doubled healing and magic from potions.
Whenever you drink a healing potion, you attack all around you.


Message History

You are too injured to fight recklessly!
You are too injured to fight recklessly!
You are too injured to fight recklessly!
An adder is nearby!
You are too injured to fight recklessly!
You closely miss the adder.
The adder is moderately wounded.
You feel sick. The adder barely misses you.
You closely miss the adder. Your headbutt misses the adder.
The adder is moderately wounded.
You feel sick. The adder barely misses you.
You closely miss the adder.
The adder is moderately wounded.
You feel sick. The adder bites you.
You barely miss the adder. Your headbutt misses the adder.
The adder is moderately wounded.
You feel sick. The adder closely misses you.
You barely miss the adder.
The adder is moderately wounded.
You feel sick. The adder closely misses you. The adder bites you.
* * * LOW HITPOINT WARNING * * *
You are more poisoned.
The adder poisons you!
You hit the adder.
The adder glows dangerously bright.
The adder is heavily wounded.
* * * LOW HITPOINT WARNING * * *
You feel sick. The adder bites you.
* * * LOW HITPOINT WARNING * * *
You barely miss the adder.
The adder is heavily wounded.
* * * LOW HITPOINT WARNING * * *
You feel sick. The adder closely misses you.
You barely miss the adder. You headbutt the adder.
The adder is almost dead.
* * * LOW HITPOINT WARNING * * *
You feel sick. The adder bites you.
* * * LOW HITPOINT WARNING * * *
You barely miss the adder. Your headbutt misses the adder.
The adder is almost dead.
You die...

.###...## .##.....#.# ##
..........## .. .# #
##......####.#.. .. .#
#.#...###...#.# .#..#
#.##### #...... .#..###
##.## #...#.##.......
#...# #..$...S#..# #...#
#[.#..p.<..##
#.).#######..#..<.......
#........##.......#.....
.........##.......#.....
.............#..........
.........##..##.#.#.....
#...####.##.......#.....
........[##.......# ...
#...#######.#.#.### ##


You could see an adder (heavy contam).

Vanquished Creatures
  Terence (D:2)
  2 adders (D:2)
  2 orcs (D:3)
  5 endoplasms
  2 giant cockroaches
  A goblin (D:2)
  5 hobgoblins
  6 jackals (D:1)
  2 kobolds
  4 quokkas
  3 ball pythons (D:1)
  6 bats
  A frilled lizard (D:2)
  8 rats
48 creatures vanquished.

Notes
Turn   | Place    | Note
-------+----------+-------------------------------------------
     0 | D:1      | Dvallin the Oni Shapeshifter began the quest for the Orb.
     0 | D:1      | Reached XP level 1. HP: 19/19 MP: 1/1
    54 | D:1      | Reached XP level 2. HP: 6/27 MP: 2/2
   565 | D:1      | Reached XP level 3. HP: 9/33 MP: 3/3
   568 | D:1      | Reached skill level 4 in Shapeshifting
  1115 | D:2      | Noticed Natasha
  1168 | D:2      | Noticed Terence
  1178 | D:2      | Killed Terence
  1179 | D:2      | Reached XP level 4. HP: 8/41 MP: 4/4
  1710 | D:2      | Found a glowing silver altar of Zin.
  1728 | D:2      | HP: 1/32 [poisoned by an adder]
  2137 | D:3      | Reached skill level 5 in Shapeshifting
  2139 | D:3      | Found a faded altar of an unknown god.
  2266 | D:3      | HP: 1/32 [adder (2)]
  2267 | D:3      | Succumbed to an adder's poison

Illustrated notes

Levels and vault maps discovered:
D:1:      eino_arrival_water_cross, layout_basic, serial_park_tiny_pond
D:2:      layout_loops_ring, basic_altar, st_stairs_14, uniq_terence,
          uniq_natasha
D:3:      layout_loops_cross, hellmonk_ecumenical_altar_blasted, uniq_grinder

Skill      XL: |  1  2  3  4 |
---------------+-------------+-----
Shapeshifting  | 4 5 |  5.0
Fighting       | |  1.3
Dodging        | |  1.7
Unarmed Combat | |  2.6

Action                     |  1- 3 |  4- 6 || total
---------------------------+-------+-------++-------
  Melee: Unarmed           |   104 |    66 ||   170
         Headbutt          |    17 |     9 ||    26
 Armour: Skin              |    46 |    39 ||    85
  Dodge: Dodged            |    78 |    41 ||   119
   Form: Flux              |     1 |       ||     1
